 Dungeon Sprint DCSS version 0.30.1-11-g7821555f0a (webtiles) character file.

Game seed: 4553264862124128634

1311 Groucho the Geomancer (level 8, -2/41 HPs)
             Began as a Deep Elf Earth Elementalist on Jan 5, 2024.
             Was a Believer of Sif Muna.
             Slain by a two-headed ogre
             ... wielding a +0 dire flail
              (18 damage)
             ... in the Dungeon (Sprint III: "The Ten Rune Challenge").
             The game lasted 00:04:22 (2131 turns).

Groucho the Geomancer (Deep Elf Earth Elementalist) Turns: 2131, Time: 00:04:22

Health: -2/41      AC:  3    Str:  5    XL:     8   Next: 32%
Magic:  6/25       EV: 12    Int: 23    God:    Sif Muna [**....]
Gold:   37         SH:  0    Dex: 15    Spells: 20/30 levels left

rFire   . . .        o - +0 dagger
rCold   . . .        (no shield)
rNeg    . . .        a - +0 robe
rPois   .            (no helmet)
rElec   .            j - +0 cloak
rCorr   .            (no gloves)
SInv    .            (no boots)
Will    .....        (no amulet)
Stlth   +++          (no ring)
HPRegen 0.26/turn    (no ring)
MPRegen 0.19/turn

%: no teleportation
@: no status effects
A: no striking features
a: Renounce Religion, Channel Magic


You were in the Dungeon.
You worshipped Sif Muna.
Sif Muna was pleased with you.
You visited 1 branch You collected 37 gold pieces.

Inventory:

Hand Weapons
 o - a +0 dagger (weapon)
Armour
 a - a +0 robe (worn)
 j - a +0 cloak (worn)
Wands
 d - a wand of flame (17)
 p - a wand of iceblast (10)
Scrolls
 g - a scroll of blinking
 h - 3 scrolls of identify {unknown}
 k - a scroll of immolation {unknown}
 n - a scroll of poison {unknown}
Potions
 b - 3 potions of magic
 c - a potion of curing
 e - a potion of haste
 f - a potion of berserk rage
 i - a potion of might
 l - 2 potions of flight {unknown}
 m - 5 potions of mutation


   Skills:
 - Level 5.0 Short Blades
 - Level 2.4 Dodging
 - Level 7.0 Stealth
 + Level 11.5 Spellcasting
 + Level 9.4 Conjurations
 + Level 7.1 Transmutations
 + Level 11.6 Earth Magic


You had 20 spell levels left.
You knew the following spells:

 Your Spells              Type           Power      Damage    Failure   Level
a - Sandblast             Erth           100%       2d20      1%          1
b - Stone Arrow           Conj/Erth      100%       3d13      1%          3
c - Petrify               Tmut/Erth      54%        N/A       1%          4
d - Blink                 Tloc           26%        N/A       8%          2

Your spell library contained the following spells:

 Spells                   Type           Power      Damage    Failure   Level
 Momentum Strike          Conj/Tloc      68%        3d9       1%          2
 Passwall                 Tmut/Erth      45%        N/A       1%          2
 Lesser Beckoning         Tloc           26%        N/A       8%          2


Dungeon Overview and Level Annotations

Branches:
Dungeon (1/1)

Altars:
Cheibriados
Dithmenos
Elyvilon
Fedhas
Gozag
Hepliaklqana
Kikubaaqudgha
Makhleb
Nemelex Xobeh
Okawaru
Qazlal
Ru
Sif Muna
Trog
Uskayaw
Vehumet
Wu Jian
Xom
Yredelemnul
Zin
The Shining One
Jiyva
Lugonu


Message History

Casting: Stone Arrow (safe; 1% risk of failure)
Confirm with . or Enter, or press ? or * to list all spells.
Aiming: Stone Arrow (safe; 1% risk of failure)
Press: ? - help, Shift-Dir - straight line, f/p - two-headed ogre
Aim: a two-headed ogre, wielding a +0 dire flail and a +0 giant spiked club (89% to hit)
The stone arrow hits the two-headed ogre!
You kill the two-headed ogre!
Sif Muna accepts your kill.
Your Transmutations skill increases to level 7!
Unknown command.
Unknown command.
Casting: Stone Arrow (safe; 1% risk of failure)
Confirm with . or Enter, or press ? or * to list all spells.
Aiming: Stone Arrow (safe; 1% risk of failure)
Press: ? - help, Shift-Dir - straight line, f - two-headed ogre, p - two-headed ogre
Aim: a two-headed ogre, wielding a +0 dire flail and a +0 giant club (89% to hit)
The stone arrow hits the two-headed ogre!
The two-headed ogre is moderately wounded.
Unknown command.
Unknown command.
Casting: Stone Arrow (safe; 1% risk of failure)
Confirm with . or Enter, or press ? or * to list all spells.
Aiming: Petrify (dangerous; 1% risk of failure)
Press: ? - help, Shift-Dir - straight line, f/p - two-headed ogre
Aim: a two-headed ogre, wielding a +0 dire flail and a +0 giant club (chance to affect: 56%)
The two-headed ogre resists with significant effort.
The two-headed ogre closely misses you. x2
Unknown command.
Unknown command.
Unknown command.
Casting: Petrify (dangerous; 1% risk of failure)
Confirm with . or Enter, or press ? or * to list all spells.
Aiming: Petrify (dangerous; 1% risk of failure)
Press: ? - help, Shift-Dir - straight line, f/p - two-headed ogre
Aim: a two-headed ogre, wielding a +0 dire flail and a +0 giant club (chance to affect: 56%)
The two-headed ogre is moving more slowly.
The two-headed ogre hits you with a +0 dire flail!!
Ouch! That really hurt!
The two-headed ogre hits you with a +0 giant spiked club!!
You die...

♣♣..###)#)###)##
.♣♣.#..........#
♣.♣.'.⌠........#
~♣..#...######'#
....#.⌠.#__#...# # #
....#)..#__#...#
.#.#
....#[###__#...##
#..
....#...#__#...'##)#
....#___#__'...#@OO#
▓▓▓▓▓▓▓▓▓▓▓▓▓▓▓▓▓▓▓▓


You could see 2 two-headed ogres.

Vanquished Creatures
  A deep elf pyromancer (D)
  A shadow (D)
  A spatial vortex (D)
  A two-headed ogre (D)
  A necrophage (D)
  A water elemental (D)
  Crazy Yiuf (D)
  A jelly (D)
  Jessica (D)
  A necromancer (D)
  A wizard (D)
  A kobold demonologist (D)
  3 humans (D)
  2 endoplasms (D)
  A rat (D)
18 creatures vanquished.

Notes
Turn   | Place    | Note
-------+----------+-------------------------------------------
     0 | D        | Groucho the Deep Elf Earth Elementalist began the quest for
                  | the Orb.
     0 | D        | Reached XP level 1. HP: 10/10 MP: 6/6
   143 | D        | Reached skill level 1 in Conjurations
   269 | D        | Noticed Jessica
   271 | D        | Killed Jessica
   272 | D        | Reached skill level 5 in Earth Magic
   272 | D        | Reached XP level 2. HP: 8/15 MP: 4/9
   272 | D        | Reached XP level 3. HP: 10/19 MP: 4/11
   490 | D        | Learned a level 3 spell: Stone Arrow
   505 | D        | Reached skill level 5 in Spellcasting
   741 | D        | Noticed Crazy Yiuf
   746 | D        | Killed Crazy Yiuf
   747 | D        | Reached XP level 4. HP: 24/24 MP: 5/14
   789 | D        | Noticed a water elemental
   793 | D        | Killed a water elemental
   794 | D        | Reached skill level 5 in Conjurations
  1087 | D        | Found a radiant altar of Vehumet.
  1091 | D        | Found a shimmering blue altar of Sif Muna.
  1091 | D        | Noticed a wizard
  1093 | D        | Killed a wizard
  1094 | D        | Reached XP level 5. HP: 28/28 MP: 9/16
  1097 | D        | Found an ancient bone altar of Kikubaaqudgha.
  1108 | D        | Became a worshipper of Sif Muna the Loreminder
  1362 | D        | Found a shadowy altar of Dithmenos.
  1367 | D        | Reached XP level 6. HP: 32/32 MP: 7/19
  1367 | D        | Found a basalt altar of Yredelemnul.
  1367 | D        | Found a sacrificial altar of Ru.
  1554 | D        | Found a hide-covered altar of Uskayaw.
  1554 | D        | Found an iron altar of Okawaru.
  1556 | D        | Found a bloodstained altar of Trog.
  1557 | D        | Found an ornate altar of the Wu Jian Council.
  1557 | D        | Noticed a human
  1559 | D        | Noticed a human
  1560 | D        | Killed a human
  1560 | D        | Reached * piety under Sif Muna
  1561 | D        | Reached skill level 10 in Earth Magic
  1567 | D        | Killed a human
  1568 | D        | Reached skill level 5 in Stealth
  1568 | D        | Reached XP level 7. HP: 31/36 MP: 22/22
  1747 | D        | Found a glowing silver altar of Zin.
  1747 | D        | Found a glowing golden altar of the Shining One.
  1747 | D        | Found a white marble altar of Elyvilon.
  1748 | D        | Noticed a deep elf pyromancer
  1751 | D        | Killed a deep elf pyromancer
  1752 | D        | Reached skill level 10 in Spellcasting
  1937 | D        | Noticed a shadow
  1942 | D        | Killed a shadow
  1942 | D        | Reached ** piety under Sif Muna
  1943 | D        | Reached skill level 5 in Short Blades
  1943 | D        | Reached XP level 8. HP: 38/41 MP: 21/25
  2093 | D        | Found a blossoming altar of Fedhas.
  2093 | D        | Found a stormy altar of Qazlal.
  2094 | D        | Found a snail-covered altar of Cheibriados.
  2094 | D        | Found a burning altar of Makhleb.
  2094 | D        | Found a shimmering altar of Xom.
  2095 | D        | Found a hazy altar of Hepliaklqana.
  2095 | D        | Found an opulent altar of Gozag.
  2095 | D        | Found a sparkling altar of Nemelex Xobeh.
  2095 | D        | Found a corrupted altar of Lugonu.
  2095 | D        | Found a viscous altar of Jiyva.
  2122 | D        | Learned a level 4 spell: Petrify
  2125 | D        | Learned a level 2 spell: Blink
  2131 | D        | Slain by a two-headed ogre

Illustrated notes

Levels and vault maps discovered:
D:        dungeon_sprint_mu [sprint_mu_entry_forest, sprint_mu_temple_rooms,
          sprint_mu_d1_spiders, sprint_mu_d2_genie, sprint_mu_d3_branching,
          sprint_mu_orc_legion, sprint_mu_elf_gauntlet, sprint_mu_hive_nellie,
          sprint_mu_lair_fedhas, sprint_mu_vaults_butterflies,
          sprint_mu_slime_circle, sprint_mu_swamp_cave, sprint_mu_snake_twists,
          sprint_mu_blade_basic, sprint_mu_crypt_chambers,
          sprint_mu_tomb_spiral, sprint_mu_vestibule_basic,
          sprint_mu_gehenna_hellfire, sprint_mu_dis_giant,
          sprint_mu_tartarus_statrot, sprint_mu_cocytus_islands, sprint_mu_zot1]

Skill      XL: |  1  2  3  4  5  6  7  8 |
---------------+-------------------------+-----
Conjurations   | 3 4 5 6 7 9 |  9.4
Earth Magic    | 5 7 8 9 10 11 | 11.6
Spellcasting   | 4 6 7 8 9 11 | 11.5
Transmutations | 3 4 6 7 |  7.1
Short Blades   | 3 5 |  5.0
Stealth        | 5 7 |  7.0
Dodging        | |  2.4

Action                     |  1- 3 |  4- 6 |  7- 9 || total
---------------------------+-------+-------+-------++-------
   Cast: Sandblast         |    11 |     3 |    13 ||    27
         Stone Arrow       |     2 |    16 |     4 ||    22
         Petrify           |       |       |     2 ||     2
 Invoke: Channel Magic     |       |     1 |       ||     1
    Use: Potion            |     1 |     1 |     1 ||     3
 Armour: Robe              |       |     1 |       ||     1
  Dodge: Dodged            |     3 |     3 |     3 ||     9
